Map: Dusk Towers

Players

Thor - Winner!

  • Race: Terran Terran
  • League: Master

VOD

Have the link to the VOD?

Description

Time

  • Played on: Dec. 10, 2015, 11:19 a.m.
  • Length: 11:14
Show
View Real Time Build Order
Export as new Build Order

Thor Terran - Winner!

Build Orders: 1/1/1, Reaper Expand, Bio Tank, Banshee Rush 

Get SALT Encoding   

  12  0:02  SCV  
  12  0:14  SCV  
  12  0:19  Supply Depot  
  12  0:26  Refinery  
  12  0:27  SCV  
  12  0:40  SCV  
  12  0:45  Barracks  
  12  0:53  SCV  
  12  0:57  Refinery  
  12  1:05  SCV  
  12  1:17  SCV  
  12  1:29  SCV  
  12  1:34  Reaper  
  12  1:36  Factory  
  12  1:41  Orbital Command  
  12  1:53  Supply Depot  
  12  2:06  Reaper  
  12  2:07  SCV  
  12  2:19  Hellion, SCV  
  12  2:21  Starport  
  12  2:26  Supply Depot  
  12  2:31  SCV  
  12  2:41  Hellion  
  12  2:43  SCV  
  12  2:44  Barracks Tech Lab  
  12  3:09  Cloaking Field  
  12  3:10  Banshee  
  12  3:12  Barracks Reactor  
  12  3:19  Command Center  
  12  3:22  SCV  
  12  3:29  Supply Depot  
  12  3:31  Factory Tech Lab  
  12  3:34  SCV  
  12  3:43  Barracks  
  12  3:47  SCV  
  12  3:49  Marine x2  
  12  3:57  Cyclone  
  12  3:59  SCV  
  12  4:02  Raven  
  12  4:09  Marine x2  
  12  4:11  SCV  
  12  4:18  Barracks  
  12  4:31  Marine x2, SCV  
  12  4:32  Orbital Command  
  12  4:41  Siege Tank  
  12  4:43  SCV  
  12  4:50  Marine x2  
  12  4:54  Stimpack  
  12  4:56  Starport Reactor, Marine  
  12  4:57  SCV  
  12  5:02  SCV  
  12  5:04  Refinery  
  12  5:08  Barracks Reactor  
  12  5:09  Supply Depot, Marine, SCV  
  12  5:11  Marine  
  12  5:26  Supply Depot  
  12  5:30  Siege Tank, Marine, SCV x2  
  12  5:31  Marine  
  12  5:32  Marine  
  12  5:43  Supply Depot  
  12  5:45  Refinery  
  12  5:46  Engineering Bay  
  12  5:47  SCV x2  
  12  5:48  Marine  
  12  5:50  Marine x2  
  12  5:53  Starport Reactor  
  12  6:01  SCV x2  
  12  6:09  Supply Depot, Command Center  
  12  6:13  SCV  
  12  6:14  SCV  
  12  6:15  Siege Tank  
  12  6:16  Marine  
  12  6:17  Marine  
  12  6:18  Marine  
  12  6:19  Marine  
  12  6:25  Terran Infantry Weapons Level 1  
  12  6:30  Refinery, SCV x2  
  12  6:32  Marine  
  12  6:34  Marine  
  12  6:35  Marine  
  12  6:36  Supply Depot  
  12  6:38  Medivac  
  12  6:44  Marine  
  12  6:51  Supply Depot  
  12  6:57  Marine  
  12  6:58  Medivac, SCV x2  
  12  7:02  Supply Depot, Barracks x2  
  12  7:04  Combat Shields  
  12  7:10  Marine, SCV  
  12  7:11  Marine  
  12  7:12  Marine x2  
  12  7:14  SCV  
  12  7:19  Marine, Siege Tank  
  12  7:22  SCV  
  12  7:31  SCV  
  12  7:34  Engineering Bay, Armory  
  12  7:35  Supply Depot  
  12  7:40  Marine x4  
  12  7:43  Medivac  
  12  7:46  Medivac  
  12  7:48  SCV  
  12  7:49  SCV  
  12  7:54  Orbital Command  
  12  7:58  Marine x3  
  12  7:59  Barracks Reactor  
  12  8:04  Marine x4  
  12  8:10  Siege Tank  
  12  8:11  SCV  
  12  8:12  SCV  
  12  8:16  Refinery  
  12  8:18  Refinery  
  12  8:21  Supply Depot  
  12  8:23  Supply Depot, Marine  
  12  8:24  Marine, SCV x2  
  12  8:32  Marine x2  
  12  8:33  Marine x2  
  12  8:35  Terran Infantry Weapons Level 2  
  12  8:40  Terran Infantry Armor Level 1  
  12  8:42  Terran Vehicle Weapons Level 1  
  12  8:43  Supply Depot, SCV x2  
  12  8:46  Marine  
  12  8:47  Marine, SCV  
  12  8:48  Marine  
  12  8:49  Marine  
  12  8:51  Siege Tank  
  12  8:55  Supply Depot  
  12  8:56  SCV x2  
  12  8:58  Medivac  
  12  9:00  Medivac  
  12  9:10  Missile Turret  
  12  9:13  Missile Turret  
  12  9:20  Missile Turret, Sensor Tower  
  12  9:21  Marine x2  
  12  9:22  Marine x6  
  12  9:26  Supply Depot x2  
  12  9:27  SCV x2  
  12  9:28  Marine  
  12  9:33  Medivac  
  12  9:34  Medivac  
  12  9:39  Marine  
  12  9:47  Marine x5  
  12  9:48  Marine, Siege Tank  
  12  9:56  SCV  
  12  9:58  Command Center  
  12  10:02  Supply Depot  
  12  10:03  Supply Depot  
  12  10:04  Marine  
  12  10:05  Medivac  
  12  10:08  Factory  
  12  10:11  Barracks  
  12  10:12  Barracks  
  12  10:15  Barracks  
  12  10:20  Marine x3  
  12  10:23  Marine  
  12  10:28  Marine x4  
  12  10:29  Medivac, Siege Tank  
  12  10:40  Missile Turret  
  12  10:42  Missile Turret x2, Sensor Tower  
  12  10:43  Missile Turret  
  12  10:50  Marine  
  12  11:00  Factory Tech Lab, Barracks Reactor  
  12  11:01  Barracks Reactor  
  12  11:02  Barracks Reactor  
  12  11:08  Refinery  
  12  11:11  Refinery  
Tags
 
Add a new tag
Caveats
  • Supply blocks, unpowered buildings, or Contaminate may cause inaccurate times.
  • Supply counts are checked every 10 seconds.